 Dungeon Crawl Stone Soup version 0.31.0-12-g77e489cdc1 (webtiles) character file.

Game seed: 807932937626616659

190 PriceMaster the Chiller (level 5, 0/48 (54) HPs)
             Began as a Demonspawn Ice Elementalist on Feb 28, 2024.
             Slain by Lhightning's ghost (5 damage)
             ... on level 3 of the Dungeon.
             The game lasted 00:05:09 (2967 turns).

PriceMaster the Chiller (DsIE)                      Turns: 2967, Time: 00:05:09

HP:   0/48 (54)     AC:  2    Str:  9    XL:     5   Next: 41%
MP:   10/10         EV: 12    Int: 17    God:
Gold: 111           SH:  0    Dex: 17    Spells: 2/10 levels left

rFire   + . .        o - +2 dagger (drain)
rCold   x . .        (no shield)
rNeg    . . .        a - +0 robe
rPois   +            (no helmet)
rElec   .            (no cloak)
rCorr   .            (no gloves)
SInv    .            (no boots)
Will    .....        (no amulet) Stlth
                     d - ring of poison resistance
HPRegen 0.28/turn    m - ring of fire
MPRegen 0.12/turn

%: no passive effects
@: berserking (expiring), hasted, heavily drained, very quick
A: thin skeletal structure 2, demonic magic 1, demonic touch 1
a: no special abilities


You were on level 3 of the Dungeon.
You visited 1 branch of the dungeon, and saw 3 of its levels.

You collected 111 gold pieces.

Inventory:

Hand Weapons
 c - a +0 short sword
 o - a +2 dagger of draining (weapon)
Missiles
 e - a throwing net
Armour
 a - a +0 robe (worn)
Jewellery
 d - a ring of poison resistance (left hand)
 m - a ring of fire (right hand)
Wands
 i - a wand of paralysis (11)
Scrolls
 j - 2 scrolls of noise
 k - 3 scrolls of blinking {unknown}
 n - a scroll of enchant armour {unknown}
 p - a scroll of teleportation {unknown}
 q - a scroll of silence {unknown}
 r - a scroll of vulnerability {unknown}
Potions
 b - a potion of magic
 f - a potion of attraction
 h - a potion of lignification


   Skills:
 + Level 0.5 Fighting
 + Level 1.6 Short Blades
 + Level 1.8 Dodging
 + Level 2.5 Stealth
 + Level 3.4 Spellcasting
 * Level 1.5 Hexes
 + Level 4.2 Ice Magic


You had 2 spell levels left.
You knew the following spells:

 Your Spells              Type           Power      Damage    Failure   Level
a - Freeze                Ice            68%        1d8       3%          1
b - Anguish               Hex/Necr       2%         N/A       75%         4
c - Ozocubu's Armour      Ice            17%        N/A       9%          3

Your spell library contained the following spells:

 Spells                   Type           Power      Damage    Failure   Level
 Frozen Ramparts          Ice            34%        1d6       9%          3
 Summon Ice Beast         Ice/Summ       10%        N/A       22%         3
 Cause Fear               Hex            4%         N/A       65%         4
 Enfeeble                 Hex            4%         N/A       100%        7


Dungeon Overview and Level Annotations

Branches:
Dungeon (3/15)

Altars:
Ashenzari
Hepliaklqana

Shops:
D:2 (

Annotations:
D:3 Lhightning's ghost, weakling GnWn


Innate Abilities, Weirdness & Mutations

You have a moderately thin skeletal structure. (Dex +4, Stealth++)
Spells you cast may paralyse adjacent enemies.
Your touch may inflict minor irresistible damage on your foes.


Message History

You feel yourself moving faster!
You feel mighty!
You are too berserk!
The gate flies open with a bang!
You feel a strong urge to attack something.
You hit the orc. You drain the orc.
You kill the orc!
Lhightning's ghost hits you!
The orc hits you with the +1 dagger "Orb Guardian's Foe" {drain, rPois}.
You feel drained.
There is an open translucent gate, spattered with blood here.
Things that are here:
a +0 whip; a +0 leather armour; an orc corpse You feel a strong urge to attack something.
Lhightning's ghost hits you! The orc barely misses you.
You hit Lhightning's ghost. Your touch misses Lhightning's ghost.
Lhightning's ghost is lightly damaged.
You hit Lhightning's ghost but do no damage.
Lhightning's ghost is lightly damaged.
Lhightning's ghost hits you.
The orc hits you with the +1 dagger "Orb Guardian's Foe" {drain, rPois}.
You feel drained.
You hit Lhightning's ghost but do no damage.
Lhightning's ghost is lightly damaged.
You closely miss Lhightning's ghost.
You touch Lhightning's ghost!
Lhightning's ghost is moderately damaged.
Lhightning's ghost hits you!
* * * LOW HITPOINT WARNING * * *
The orc hits you with the +1 dagger "Orb Guardian's Foe" {drain, rPois}.
* * * LOW HITPOINT WARNING * * *
You feel drained.
* * * LOW HITPOINT WARNING * * *
You are too berserk!
You hit the orc.
The orc is heavily wounded.
Lhightning's ghost closely misses you. The orc barely misses you.
You hit the orc.
You kill the orc!
Lhightning's ghost attacks as it pursues you!
Lhightning's ghost hits you.
You die...

#### ##########
#######8.# ##........#
#8.....#..####..####...#
#..##..#..#....## #8...8
#..8#..#..#.#### ##...#
#..##..#..#.# #...#
#....#.#..#.# ##...#
#....#.'..#.# #8...8
#_.8.#.@....### ####...#
#[...#.W....#8###8##...#
#....#.#................
#..##oo#.............⌠..
..8#oo#...............(
..##..#....#8###8##...#
#8.....#...<########..)#
########8.........#8...8
#........<......#.##...#


You could see Lhightning's ghost and 4 orcs.

Vanquished Creatures
  3 gnolls (D:2)
  8 adders
  A ribbon worm (D:2)
  2 dart slugs
  10 orcs (D:3)
  6 ball pythons
  7 bats
  3 endoplasms (D:1)
  4 giant cockroaches
  4 goblins
  4 hobgoblins
  9 kobolds
  A quokka (D:1)
  4 frilled lizards
  8 rats
74 creatures vanquished.

Notes
Turn   | Place    | Note
-------+----------+-------------------------------------------
     0 | D:1      | PriceMaster the Demonspawn Ice Elementalist began the quest
                  | for the Orb.
     0 | D:1      | Reached XP level 1. HP: 13/13 MP: 3/3
   171 | D:1      | Gained mutation: You have a somewhat thin skeletal
                  | structure. (Dex +2, Stealth+) [demonic ancestry]
   171 | D:1      | Reached XP level 2. HP: 6/19 MP: 1/5
   531 | D:1      | Found a faded altar of an unknown god.
   698 | D:1      | You fall into a shaft and drop 1 floor!
   717 | D:2      | Gained mutation: You have a moderately thin skeletal
                  | structure. (Dex +4, Stealth++) [demonic ancestry]
   717 | D:2      | Reached XP level 3. HP: 14/25 MP: 2/7
  1047 | D:2      | Reached skill level 4 in Ice Magic
  1226 | D:2      | Found Hiubb's Antique Weapon Shop.
  1310 | D:2      | Gained mutation: Your touch may inflict minor irresistible
                  | damage on your foes. [demonic ancestry]
  1310 | D:2      | Reached XP level 4. HP: 31/31 MP: 8/8
  1752 | D:2      | Reached skill level 1 in Short Blades
  1810 | D:2      | Learned a level 4 spell: Anguish
  1858 | D:3      | Found a runed translucent gate.
  1860 | D:3      | Noticed Lhightning's ghost (weakling GnWn)
  1881 | D:3      | Identified the +1 dagger "Orb Guardian's Foe" {drain,
                  | rPois}
  1995 | D:3      | Found a runed translucent gate.
  1996 | D:3      | Found a runed translucent gate.
  2077 | D:3      | Found a broken altar of Ashenzari.
  2131 | D:3      | Gained mutation: Spells you cast may paralyse adjacent
                  | enemies. [demonic ancestry]
  2131 | D:3      | Reached XP level 5. HP: 36/36 MP: 4/9
  2210 | D:3      | Reached skill level 1 in Hexes
  2592 | D:3      | Found a hazy altar of Hepliaklqana.
  2942 | D:3      | Learned a level 3 spell: Ozocubu's Armour
  2967 | D:3      | Slain by Lhightning's ghost

Illustrated notes

Levels and vault maps discovered:
D:1:      tarquinn_simple_flora_water_f, layout_basic,
          shapermc_ecumenical_altar_notcrosses, serial_corexii_hall,
          chequers_hall_statues_wall_a, chequers_hall_statues_wall_a,
          minmay_heptomino_d4
D:2:      minmay_alternating_diamond, layout_loops_ring, serial_shops, shop
D:3:      layout_rooms, general_overflow_altar, cheibrodos_ashenzari_chains,
          serial_corexii_hall, corexii_hall_statues_x, corexii_hall_statues_s,
          chequers_hall_statues_y, corexii_hall_statues_x,
          corexii_hall_statues_i, corexii_hall_statues_x,
          biasface_ghost_orc_armoury, minmay_hedge_maze, minmay_misc_feat_room

Skill      XL: |  1  2  3  4  5 |
---------------+----------------+-----
Stealth        | 2 |  2.5
Ice Magic      | 4 |  4.2
Spellcasting   | 3 |  3.4
Short Blades   | 1 |  1.6
Hexes          | 1 |  1.5
Fighting       | |  0.5
Dodging        | |  1.8

Action                     |  1- 3 |  4- 6 || total
---------------------------+-------+-------++-------
  Melee: Unarmed           |     8 |       ||     8
         Short sword       |    22 |    43 ||    65
         Touch             |       |     7 ||     7
         Punch             |       |     1 ||     1
         Dagger            |       |    18 ||    18
   Cast: Freeze            |    36 |    48 ||    84
    Use: Potion            |       |     4 ||     4
         Scroll            |       |     2 ||     2
   Stab: Sleeping          |     4 |     5 ||     9
         Distracted        |       |     3 ||     3
         Paralysed         |       |     5 ||     5
 Armour: Robe              |    27 |    33 ||    60
         Skin              |       |    42 ||    42
  Dodge: Dodged            |    31 |    37 ||    68
